3R
FRANKLIN FIRE @ AMARILLO SUBMARINOS
08/03/2033
 
TOP OF THE 1ST
Franklin Fire batting - Pitching for Amarillo Submarinos : RHP Hui Ruan
Pitching: RHP Hui Ruan
Batting: LHB Mitchell Pate 0-0: Swinging Strike
0-1: SINGLE (Line Drive, 34)
Batting: RHB Peter Holland 0-0: Ball
1-0: Ball
2-0: Swinging Strike
2-1: Ball
3-1: Foul Ball, location: 2F
3-2: Strikes out swinging
Batting: RHB Dan Lewis 0-0: Ball
1-0: Called Strike
Mitchell Pate steals 2nd base
1-1: Fly out, F5 (Line Drive, 5S)
Batting: SHB Govaart Baars 0-0: Called Strike
0-1: Ball
1-1: Foul Ball, location: 2F
1-2: Foul Ball, location: 2F
1-2: Foul Ball, location: 2F
1-2: Ground out 4-3 (Groundball, 4)
Top of the 1st over - 0 runs, 1 hit, 0 errors, 1 left on base; Franklin 0 - Amarillo 0
BOTTOM OF THE 1ST
Amarillo Submarinos batting - Pitching for Franklin Fire : RHP Guo-qing Mak
Pitching: RHP Guo-qing Mak
Batting: RHB Bob Grant 0-0: Called Strike
0-1: Ball
1-1: Called Strike
1-2: Foul Ball, location: 2F
1-2: SINGLE (Line Drive, 4MD)
Batting: LHB Lawrence Perry 0-0: Called Strike
0-1: Fly out, F9 (Line Drive, 9)
Batting: LHB Javier Seco 0-0: Ball
1-0: Called Strike
1-1: Foul Ball, location: 2F
1-2: Fly out, F9 (Flyball, 9)
Batting: RHB Richello Oliva 0-0: Called Strike
0-1: Ball
1-1: Ball
2-1: Fly out, F9 (Flyball, 9)
Bottom of the 1st over - 0 runs, 1 hit, 0 errors, 1 left on base; Franklin 0 - Amarillo 0
TOP OF THE 2ND
Franklin Fire batting - Pitching for Amarillo Submarinos : RHP Hui Ruan
Batting: RHB Thomas Flyer 0-0: Ball
1-0: Fly out, F8 (Flyball, 89M)
Batting: LHB Wilson Hernández 0-0: Bunt for hit - play at first, batter OUT! 3-4
Batting: RHB Djakapura Makanamaikai 0-0: Fly out, F7 (Line Drive, 7S)
Top of the 2nd over - 0 runs, 0 hits, 0 errors, 0 left on base; Franklin 0 - Amarillo 0
BOTTOM OF THE 2ND
Amarillo Submarinos batting - Pitching for Franklin Fire : RHP Guo-qing Mak
Batting: SHB Alexei Ponikarov 0-0: Called Strike
0-1: Fly out, F9 (Flyball, 89M)
Batting: SHB Hong-bo Zhui 0-0: DOUBLE (Line Drive, 7LS)
Batting: LHB Riley Rowbery 0-0: Ball
1-0: Foul Ball, location: 2F
1-1: Ball
2-1: Fly out, F8 (Flyball, 78S)
Batting: RHB Jun-soo Yi 0-0: Ground out 6-3 (Groundball, 6)
Bottom of the 2nd over - 0 runs, 1 hit, 0 errors, 1 left on base; Franklin 0 - Amarillo 0
TOP OF THE 3RD
Franklin Fire batting - Pitching for Amarillo Submarinos : RHP Hui Ruan
Batting: RHB Ricardo Cardona 0-0: Called Strike
0-1: Ball
1-1: Swinging Strike
1-2: Ball
2-2: Strikes out swinging
Batting: RHB Shannon L. Alder 0-0: Ball
1-0: Ball
2-0: Ground out 6-3 (Groundball, 6S)
Batting: LHB Mitchell Pate 0-0: Ball
1-0: SOLO HOME RUN (Flyball, 9D), Distance : 378 ft
Batting: RHB Peter Holland 0-0: Called Strike
0-1: Ball
1-1: Called Strike
1-2: Ball
2-2: Ground out 4-3 (Groundball, 4M)
Top of the 3rd over - 1 run, 1 hit, 0 errors, 0 left on base; Franklin 1 - Amarillo 0
BOTTOM OF THE 3RD
Amarillo Submarinos batting - Pitching for Franklin Fire : RHP Guo-qing Mak
Batting: LHB António Muńóz 0-0: Swinging Strike
0-1: Called Strike
0-2: Strikes out swinging
Batting: RHB Bob Grant 0-0: Ball
1-0: Swinging Strike
1-1: Foul Ball, location: 2F
1-2: Ball
2-2: Ground out 6-3 (Groundball, 6)
Batting: LHB Lawrence Perry 0-0: Ball
1-0: Ball
2-0: Ball
3-0: Called Strike
3-1: Ground out U3 (Groundball, 3L)
Bottom of the 3rd over - 0 runs, 0 hits, 0 errors, 0 left on base; Franklin 1 - Amarillo 0
TOP OF THE 4TH
Franklin Fire batting - Pitching for Amarillo Submarinos : RHP Hui Ruan
Batting: RHB Dan Lewis 0-0: Ball
1-0: Swinging Strike
1-1: Ball
2-1: Foul Ball, location: 2F
2-2: Ball
3-2: SINGLE (Groundball, 6MD)
Batting: SHB Govaart Baars 0-0: Ball
1-0: Ball
2-0: Grounds out, U3 (Groundball, 3L)
Batting: RHB Thomas Flyer 0-0: Ball
1-0: Swinging Strike
1-1: Ball
2-1: SINGLE (Flyball, 89S)
Dan Lewis to third
Batting: LHB Wilson Hernández 0-0: Swinging Strike
0-1: Ball
1-1: Ground out 5-3 (Groundball, 25)
Dan Lewis scores
Thomas Flyer to second
Batting: RHB Djakapura Makanamaikai 0-0: Ball
1-0: Foul Ball, location: 2F
1-1: Swinging Strike
1-2: Strikes out swinging
Top of the 4th over - 1 run, 2 hits, 0 errors, 1 left on base; Franklin 2 - Amarillo 0
BOTTOM OF THE 4TH
Amarillo Submarinos batting - Pitching for Franklin Fire : RHP Guo-qing Mak
Batting: LHB Javier Seco 0-0: Ball
1-0: Ground out 6-3 (Groundball, 56)
Batting: RHB Richello Oliva 0-0: Fly out, F9 (Flyball, 89M)
Batting: SHB Alexei Ponikarov 0-0: Ball
1-0: Foul Ball, location: 2F
1-1: Ball
2-1: Swinging Strike
2-2: Ball
3-2: Foul Ball, location: 2F
3-2: SOLO HOME RUN (Flyball, 89XD), Distance : 416 ft
Batting: SHB Hong-bo Zhui 0-0: Called Strike
0-1: Ball
1-1: Fly out, F7 (Flyball, 78M)
Bottom of the 4th over - 1 run, 1 hit, 0 errors, 0 left on base; Franklin 2 - Amarillo 1
TOP OF THE 5TH
Franklin Fire batting - Pitching for Amarillo Submarinos : RHP Hui Ruan
Batting: RHB Ricardo Cardona 0-0: Ball
1-0: Swinging Strike
1-1: Fly out, F9 (Flyball, 9LM)
Batting: RHB Shannon L. Alder 0-0: Ball
1-0: Called Strike
1-1: Fly out, F8 (Flyball, 8LXD)
Batting: LHB Mitchell Pate 0-0: Ball
1-0: Ball
2-0: Ground out 4-3 (Groundball, 4)
Top of the 5th over - 0 runs, 0 hits, 0 errors, 0 left on base; Franklin 2 - Amarillo 1
BOTTOM OF THE 5TH
Amarillo Submarinos batting - Pitching for Franklin Fire : RHP Guo-qing Mak
Batting: LHB Riley Rowbery 0-0: Called Strike
0-1: Called Strike
0-2: Ball
1-2: SINGLE (Line Drive, 56D)
Batting: RHB Jun-soo Yi 0-0: Fly out, F3 (Line Drive, 34)
Lined into DP, U3 (Line Drive, 34)
Batting: LHB António Muńóz 0-0: Called Strike
0-1: Ball
1-1: Ball
2-1: Ball
3-1: Fly out, F9 (Flyball, 9LD)
Bottom of the 5th over - 0 runs, 1 hit, 0 errors, 0 left on base; Franklin 2 - Amarillo 1
TOP OF THE 6TH
Franklin Fire batting - Pitching for Amarillo Submarinos : RHP Hui Ruan
Batting: RHB Peter Holland 0-0: Ball
1-0: Ball
2-0: Foul Ball, location: 2F
2-1: Ball
3-1: Called Strike
3-2: Foul Ball, location: 2F
3-2: Foul Ball, location: 2F
3-2: Strikes out looking
Batting: RHB Dan Lewis 0-0: Swinging Strike
0-1: Ball
1-1: Ground out 3-1 (Groundball, 23)
Batting: SHB Govaart Baars 0-0: Ball
1-0: Ball
2-0: DOUBLE (Line Drive, 78XD)
Batting: RHB Thomas Flyer 0-0: Ball
1-0: Foul Ball, location: 2F
1-1: SINGLE (Line Drive, 7LM)
Govaart Baars to third
Runner from 3rd tries for Home, SAFE, no throw
Batting: LHB Wilson Hernández 0-0: Ball
1-0: Ball
2-0: Called Strike
2-1: Called Strike
2-2: Foul Ball, location: 2F
2-2: Foul Ball, location: 2F
2-2: Ball
3-2: Base on Balls
Thomas Flyer to second
Batting: RHB Djakapura Makanamaikai 0-0: SINGLE (Line Drive, 6MD)
Thomas Flyer to third
Wilson Hernández to second
Runner from 3rd tries for Home, SAFE, no throw
Batting: RHB Ricardo Cardona 0-0: Ball
1-0: Foul Ball, location: 2F
1-1: Foul Ball, location: 2F
1-2: Foul Ball, location: 2F
1-2: Fly out, F8 (Flyball, 8LS)
Top of the 6th over - 2 runs, 3 hits, 0 errors, 2 left on base; Franklin 4 - Amarillo 1
BOTTOM OF THE 6TH
Amarillo Submarinos batting - Pitching for Franklin Fire : RHP Guo-qing Mak
Batting: RHB Bob Grant 0-0: Ball
1-0: Ball
2-0: Bunt missed!
2-1: Foul Ball, location: 2F
2-2: Ball
3-2: Strikes out swinging
Batting: LHB Lawrence Perry 0-0: Ball
1-0: Ball
2-0: Called Strike
2-1: Fly out, F8 (Flyball, 89D)
Batting: LHB Javier Seco 0-0: Reaches on Catchers interference
Batting: RHB Richello Oliva 0-0: Fly out, F9 (Flyball, 89S)
Bottom of the 6th over - 0 runs, 0 hits, 1 error, 1 left on base; Franklin 4 - Amarillo 1
TOP OF THE 7TH
Franklin Fire batting - Pitching for Amarillo Submarinos : RHP Hui Ruan
Batting: RHB Shannon L. Alder 0-0: Foul Ball, location: 2F
0-1: Foul Ball, location: 2F
0-2: Strikes out swinging
Batting: LHB Mitchell Pate 0-0: Foul Ball, location: 2F
0-1: Swinging Strike
0-2: Ball
1-2: SINGLE (Groundball, 4MD)
Pitching: RHP Timoteo Sassetti
Batting: RHB Peter Holland 0-0: Fly out, F7 (Flyball, 7S)
Batting: RHB Dan Lewis 0-0: Ball
1-0: Called Strike
1-1: Called Strike
1-2: Foul Ball, location: 2F
1-2: Fielders Choice at 2nd, 6-4 (Groundball, 6)
Top of the 7th over - 0 runs, 1 hit, 0 errors, 1 left on base; Franklin 4 - Amarillo 1
BOTTOM OF THE 7TH
Amarillo Submarinos batting - Pitching for Franklin Fire : RHP Guo-qing Mak
Batting: SHB Alexei Ponikarov 0-0: Swinging Strike
0-1: Swinging Strike
0-2: Strikes out swinging
Batting: SHB Hong-bo Zhui 0-0: Ball
1-0: SINGLE (Groundball, 56D)
Batting: LHB Riley Rowbery 0-0: Ball
1-0: Called Strike
1-1: Hit by Pitch
Hong-bo Zhui to second
Batting: RHB Jun-soo Yi 0-0: Ball
1-0: SINGLE (Groundball, 4D)
Hong-bo Zhui to third
Riley Rowbery to second
Runner from 3rd tries for Home, SAFE, no throw
Batting: LHB António Muńóz 0-0: Called Strike
0-1: Ball
1-1: Foul Ball, location: 2F
1-2: Strikes out swinging
Pinch Hitting: RHB Jerry Williams 0-0: Called Strike
0-1: Foul Ball, location: 2F
0-2: Strikes out looking
Bottom of the 7th over - 1 run, 2 hits, 0 errors, 2 left on base; Franklin 4 - Amarillo 2
TOP OF THE 8TH
Franklin Fire batting - Pitching for Amarillo Submarinos : RHP Timoteo Sassetti
Now at 2B: Toshikasu Otani
Batting: SHB Govaart Baars 0-0: Foul Ball, location: 2F
0-1: Ball
1-1: Foul Ball, location: 2F
1-2: Foul Ball, location: 2F
1-2: Strikes out swinging
Batting: RHB Thomas Flyer 0-0: Ball
1-0: Called Strike
1-1: Foul Ball, location: 2F
1-2: Foul Ball, location: 2F
1-2: Foul Ball, location: 2F
1-2: Strikes out swinging
Batting: LHB Wilson Hernández 0-0: Ground out 4-3 (Groundball, 4)
Top of the 8th over - 0 runs, 0 hits, 0 errors, 0 left on base; Franklin 4 - Amarillo 2
BOTTOM OF THE 8TH
Amarillo Submarinos batting - Pitching for Franklin Fire : RHP Guo-qing Mak
Batting: LHB Lawrence Perry 0-0: Ball
1-0: SINGLE (Line Drive, 9LM)
Batting: LHB Javier Seco 0-0: Ball
1-0: Ball
2-0: Called Strike
2-1: Hit by Pitch
Lawrence Perry to second
Batting: RHB Richello Oliva 0-0: Ball
1-0: Ball
2-0: Foul Ball, location: 2F
2-1: Foul Ball, location: 2F
2-2: Foul Ball, location: 2F
2-2: SINGLE (Line Drive, 8RS)
Lawrence Perry to third
Javier Seco to second
Batting: SHB Alexei Ponikarov 0-0: Swinging Strike
0-1: SINGLE (Line Drive, 9LM)
Lawrence Perry scores
Javier Seco to third
Richello Oliva to second
Batting: SHB Hong-bo Zhui 0-0: Ball
1-0: Foul Ball, location: 2F
1-1: Foul Ball, location: 2F
1-2: Ball
2-2: DOUBLE (Flyball, 89D)
Javier Seco scores
Richello Oliva scores
Alexei Ponikarov to third
Batting: LHB Riley Rowbery 0-0: Intentional Walk
Pitching: LHP Jesús Colón
Batting: RHB Jun-soo Yi 0-0: Ball
1-0: Called Strike
1-1: SINGLE (Line Drive, 34D)
Alexei Ponikarov scores
Hong-bo Zhui to third
Riley Rowbery to second
Runner from 3rd tries for Home, SAFE, no throw
Batting: LHB António Muńóz 0-0: Swinging Strike
0-1: Grounds into double play, 6-4-3 (Groundball, 6M)
Riley Rowbery to third
Batting: RHB Toshikasu Otani 0-0: Ball
1-0: Ball
2-0: Ball
3-0: Base on Balls
Batting: LHB Lawrence Perry 0-0: Ball
1-0: Ball
2-0: Foul Ball, location: 2F
2-1: Swinging Strike
2-2: Ball
3-2: Strikes out swinging, 2-3 out at first.
Bottom of the 8th over - 5 runs, 5 hits, 0 errors, 2 left on base; Franklin 4 - Amarillo 7
TOP OF THE 9TH
Franklin Fire batting - Pitching for Amarillo Submarinos : RHP Timoteo Sassetti
Pitching: LHP Javier Vallejo
Batting: RHB Djakapura Makanamaikai 0-0: Foul Ball, location: 2F
0-1: Ball
1-1: Ball
2-1: Called Strike
2-2: Ball
3-2: Base on Balls
Batting: RHB Ricardo Cardona 0-0: Foul Ball, location: 2F
0-1: Foul Ball, location: 2F
0-2: Strikes out swinging
Batting: RHB Shannon L. Alder 0-0: Called Strike
0-1: Fly out, F7 (Flyball, 7S)
Batting: LHB Mitchell Pate 0-0: Called Strike
0-1: Ball
1-1: Foul Ball, location: 2F
1-2: SINGLE (Line Drive, 3)
Djakapura Makanamaikai to second
Batting: RHB Peter Holland 0-0: Ball
1-0: Foul Ball, location: 2F
1-1: Ball
2-1: Foul Ball, location: 2F
2-2: 3-RUN HOME RUN (Line Drive, 7LD), Distance : 357 ft
Pitching: RHP Harta Wibawa Chandra
Batting: RHB Dan Lewis 0-0: Foul Ball, location: 2F
0-1: Ball
1-1: Ground out 6-3 (Groundball, 6)
Top of the 9th over - 3 runs, 2 hits, 0 errors, 0 left on base; Franklin 7 - Amarillo 7
BOTTOM OF THE 9TH
Amarillo Submarinos batting - Pitching for Franklin Fire : LHP Jesús Colón
Batting: LHB Javier Seco 0-0: Called Strike
0-1: Ball
1-1: Swinging Strike
1-2: Foul Ball, location: 2F
1-2: Strikes out swinging
Batting: RHB Richello Oliva 0-0: Called Strike
0-1: Foul Ball, location: 2F
0-2: Strikes out looking
Batting: SHB Alexei Ponikarov 0-0: Ball
1-0: Ball
2-0: Foul Ball, location: 2F
2-1: Swinging Strike
2-2: Strikes out swinging
Bottom of the 9th over - 0 runs, 0 hits, 0 errors, 0 left on base; Franklin 7 - Amarillo 7
TOP OF THE 10TH
Franklin Fire batting - Pitching for Amarillo Submarinos : RHP Harta Wibawa Chandra
Batting: SHB Govaart Baars 0-0: Ball
1-0: DOUBLE (Line Drive, 78S)
Batting: RHB Thomas Flyer 0-0: Ball
1-0: SINGLE (Flyball, 8RS)
Govaart Baars to third
Batting: LHB Wilson Hernández 0-0: Ball
1-0: Foul Ball, location: 2F
1-1: Ground out U3 (Groundball, 3)
Thomas Flyer to second
Batting: RHB Djakapura Makanamaikai 0-0: Intentional Walk
Batting: RHB Ricardo Cardona 0-0: Called Strike
0-1: Ball
1-1: Called Strike
1-2: Strikes out swinging
Batting: RHB Shannon L. Alder 0-0: Ball
1-0: Foul Ball, location: 2F
1-1: Swinging Strike
1-2: Foul Ball, location: 2F
1-2: Foul Ball, location: 2F
1-2: Ball
2-2: Fly out, F8 (Flyball, 8LS)
Top of the 10th over - 0 runs, 2 hits, 0 errors, 3 left on base; Franklin 7 - Amarillo 7
BOTTOM OF THE 10TH
Amarillo Submarinos batting - Pitching for Franklin Fire : LHP Jesús Colón
Pitching: LHP Freddy Estrada
Batting: SHB Hong-bo Zhui 0-0: Ball
1-0: Called Strike
1-1: Ball
2-1: Fly out, F7 (Flyball, 7S)
Batting: LHB Riley Rowbery 0-0: Ball
1-0: Ball
2-0: Called Strike
2-1: Fly out, F7 (Flyball, 7S)
Batting: RHB Jun-soo Yi 0-0: Called Strike
0-1: Fly out, F9 (Flyball, 9D)
Bottom of the 10th over - 0 runs, 0 hits, 0 errors, 0 left on base; Franklin 7 - Amarillo 7
TOP OF THE 11TH
Franklin Fire batting - Pitching for Amarillo Submarinos : RHP Harta Wibawa Chandra
Pitching: LHP Gorgonio Ebalo
Batting: LHB Mitchell Pate 0-0: Called Strike
0-1: Foul Ball, location: 2F
0-2: Ball
1-2: Strikes out swinging
Batting: RHB Peter Holland 0-0: Ball
1-0: Swinging Strike
1-1: SINGLE (Groundball, 6MD)
Batting: RHB Dan Lewis 0-0: Called Strike
0-1: Ball
1-1: Foul Ball, location: 2F
1-2: Strikes out swinging
Batting: SHB Govaart Baars 0-0: DOUBLE (Line Drive, 7)
Peter Holland to third
Runner from 3rd tries for Home, SAFE, no throw
Batting: RHB Thomas Flyer 0-0: Fly out, F9 (Flyball, 9)
Top of the 11th over - 1 run, 2 hits, 0 errors, 1 left on base; Franklin 8 - Amarillo 7
BOTTOM OF THE 11TH
Amarillo Submarinos batting - Pitching for Franklin Fire : LHP Freddy Estrada
Pinch Hitting: RHB Micah Nelson 0-0: Called Strike
0-1: Ball
1-1: Ball
2-1: Reached on error, E6 (Groundball, 6)
Batting: RHB Toshikasu Otani 0-0: Sac Bunt - play at first, batter OUT! 3-4
Micah Nelson to second
Batting: LHB Lawrence Perry 0-0: Ball
1-0: Fly out, F8 (Flyball, 8LS)
Batting: LHB Javier Seco 0-0: Ball
1-0: Ball
2-0: Called Strike
2-1: Ground out U3 (Groundball, 3)
Bottom of the 11th over - 0 runs, 0 hits, 1 error, 1 left on base; Franklin 8 - Amarillo 7
Saturday, December 22nd, 2018 - OOTP Baseball 18.8 Build 76